 Dungeon Crawl Stone Soup version 0.31.0-9-g3a7656b989 (webtiles) character file.

Game seed: 16959803435886173350

64 qw the Shooter (level 3, -2/29 HPs)
             Began as a Demigod Hunter on Feb 2, 2024.
             Slain by a goblin
             ... wielding a +0 dagger
             ... led by Robin
              (3 damage)
             ... on level 2 of the Dungeon.
             The game lasted 00:00:04 (1199 turns).

qw the Shooter (Demigod Hunter)                     Turns: 1199, Time: 00:00:05

Health: -2/29      AC:  3    Str: 12    XL:     3   Next: 64%
Magic:  5/5        EV: 12    Int: 11    God:
Gold:   71         SH:  5    Dex: 21    Spells: 2/2 levels left

rFire   . . .        a - +0 shortbow
rCold   . . .        (shield currently unavailable)
rNeg    . . .        c - +0 leather armour
rPois   .            (no helmet)
rElec   .            (no cloak)
rCorr   .            (no gloves)
SInv    .            (no boots)
Will    .....        e - amulet of reflection
Stlth   ++           (no ring)
HPRegen 0.24/turn    (no ring)
MPRegen 0.09/turn

%: reflection
@: no status effects
A: high MP 1, forlorn, divine attributes
a: no special abilities


You were on level 2 of the Dungeon.
You visited 1 branch of the dungeon, and saw 2 of its levels.

You collected 71 gold pieces.


Innate Abilities, Weirdness & Mutations

You have an increased reservoir of magic. (+10% MP)
You shall have no god before yourself.
Your divine heritage dramatically boosts your attributes as you level up.


   Skills:
 - Level 2.0 Fighting
 + Level 4.9 Ranged Weapons
 - Level 2.0 Dodging
 - Level 0.8 Stealth


You had 2 spell levels left.
You didn't know any spells.
Your spell library was empty.

Inventory:

Hand Weapons
 a - a +0 shortbow (weapon)
Armour
 c - a +0 leather armour (worn)
Jewellery
 b - a +6 ring of strength
 e - an amulet of reflection (around neck)
Scrolls
 g - a scroll of fog {unknown}
Potions
 d - a potion of curing
 f - a potion of enlightenment

Dungeon Overview and Level Annotations

Branches:
Dungeon (2/15)

Shops:
D:1 *

Annotations:
D:2 Robin


Message History

You kill the hobgoblin!
The hobgoblin closely misses you. The goblin misses you.
Robin roars a battlecry!
The goblins go into a battle-frenzy!
You block the goblin's attack.
You shoot an arrow.
The arrow hits the hobgoblin but does no damage.
You hear a shout!
The hobgoblin hits you but does no damage.
A goblin comes into view. It is wielding a +0 dagger.
The hobgoblin hits you. The goblin hits you but does no damage.
The goblin hits you with a +0 dagger.
You hear an angry hiss.
You shoot an arrow. The arrow hits the hobgoblin.
The hobgoblin is moderately wounded.
The hobgoblin closely misses you.
The hobgoblin hits you but does no damage.
The goblin hits you but does no damage. You block the goblin's attack.
You shoot an arrow. The arrow hits the hobgoblin!
You kill the hobgoblin!
The hobgoblin hits you. The goblin hits you with a +0 club.
The goblin closely misses you.
You shoot an arrow. The arrow closely misses the goblin.
A goblin comes into view. It is wielding a +0 dagger.
The hobgoblin closely misses you. The goblin hits you with a +0 dagger.
The goblin barely misses you. The goblin hits you with a +0 dagger.
You shoot an arrow. The arrow hits the goblin.
The goblin is heavily wounded.
You hear an angry hiss.
The hobgoblin hits you but does no damage.
The goblin hits you with a +0 club. The goblin barely misses you.
The goblin hits you with a +0 dagger.
You shoot an arrow. The arrow closely misses the goblin.
The hobgoblin completely misses you. The goblin barely misses you.
The goblin closely misses you. The goblin completely misses you.
Robin roars a battlecry!
The goblin goes into a battle-frenzy!
The hobgoblin hits you. The goblin hits you but does no damage.
The goblin hits you with a +0 dagger.
You die...

### #..#
..###########..### ###
#.##............< ....
#............... ...#
#..#.######.#..# #...##
...............###.....#
>###.######.#...ggg.....
........# #.%..g@#
...####.# #.####g#
..#.###.###.# #g#
.###.##.....# #g# #
##.#.##.#.# #g<
.###.##.#.###.##.#
#.#......# #.#..
#..######.# # ##.# #<##
#..#.


You could see Robin, 3 hobgoblins and 4 goblins.

Vanquished Creatures
  A gnoll (D:1)
  2 dart slugs (D:1)
  5 ball pythons
  6 endoplasms
  A giant cockroach (D:2)
  3 goblins
  10 hobgoblins
  3 quokkas
  3 bats
  3 frilled lizards
  4 kobolds
  7 rats
48 creatures vanquished.

Notes
Turn   | Place    | Note
-------+----------+-------------------------------------------
     0 | D:1      | qw the Demigod Hunter began the quest for the Orb.
     0 | D:1      | Reached XP level 1. HP: 17/17 MP: 3/3
     0 | D:1      | 0 ||| qw: Version: 0.3-a-155-g5e7d8dd
     0 | D:1      | 0 ||| qw: Game counter: 134
     0 | D:1      | 0 ||| qw: Melee chars always use a shield: true
     0 | D:1      | 0 ||| qw: God list: Okawaru
     0 | D:1      | 0 ||| qw: Allow faded altars: false
     0 | D:1      | 0 ||| qw: Do Orc after clearing Dungeon:15 true
     0 | D:1      | 0 ||| qw: Do second Lair branch before Depths: true
     0 | D:1      | 0 ||| qw: Lair rune preference: random
     0 | D:1      | 0 ||| qw: Goals: Normal
     0 | D:1      | 0 ||| PLANNING D:1-11
    93 | D:1      | Reached skill level 4 in Ranged Weapons
    93 | D:1      | Reached XP level 2. HP: 24/24 MP: 4/4
   361 | D:1      | Found Buroc's General Store.
   369 | D:1      | 369 ||| SHOPLISTING +1 hat (110 gold, have 28).
   369 | D:1      | 369 ||| SHOPLISTING +1 pair of gloves of Defence {rF+++
                  | rN+++ Int-2 Dex-3} (620 gold, have 28).
   369 | D:1      | 369 ||| SHOPLISTING +3 ring mail "Deso" {rElec rPois Int+5
                  | Dex+3} (540 gold, have 28).
   369 | D:1      | 369 ||| SHOPLISTING potion of haste (100 gold, have 28).
   369 | D:1      | 369 ||| SHOPLISTING potion of heal wounds (50 gold, have
                  | 28).
   429 | D:1      | Reached XP level 3. HP: 23/29 MP: 5/5
   684 | D:1      | 684 ||| UPGRADING to amulet of reflection.
   689 | D:1      | 689 ||| READING scroll labelled HIFUODW SUBAFF.
   693 | D:1      | 693 ||| READING scroll labelled IRUVOP MIA.
   693 | D:1      | 693 ||| IDENTIFYING fizzy purple potion
   694 | D:1      | 694 ||| READING scroll labelled ZUTAACETOTZ.
   695 | D:1      | 695 ||| READING scroll labelled XEOQIKH EMNU.
   696 | D:1      | 696 ||| DRINKING 2 red potions.
   697 | D:1      | 697 ||| DROPPING scroll of butterflies.
   699 | D:1      | 699 ||| Stepping ~*~*~tactically~*~*~ (cloud).
   703 | D:1      | HP: 7/29 [poisoned by you (poison gas)]
   849 | D:2      | 849 ||| FLEEEEING.
   850 | D:2      | 850 ||| FLEEEEING.
  1189 | D:2      | Noticed Robin
  1198 | D:2      | HP: 6/29 [goblin/+0 club[Robin] (4)]
  1199 | D:2      | HP: 1/29 [hobgoblin[Robin] (5)]
  1199 | D:2      | Slain by a goblin

Levels and vault maps discovered:
D:1:      minmay_arrival_wavy_path, layout_loops_cross, serial_shops, shop,
          ebering_ecumenical_altar_abandoned, minmay_indecisive_spiral
D:2:      layout_loops_ring, minmay_unequal, uniq_robin

Skill      XL: |  1  2  3 |
---------------+----------+-----
Ranged Weapons | 4 |  4.9
Fighting       | 2 |  2.0
Dodging        | 2 |  2.0
Stealth        | |  0.8

Action                     || total
---------------------------++-------
   Fire: Shortbow          ||   111
    Use: Scroll            ||     4
         Potion            ||     1
 Armour: Leather armour    ||    30
  Dodge: Dodged            ||    39
  Block: Other             ||     6

Table legend:
 A = Non-vault XP
 B = Vault XP
 C = Vault XP percentage of total XP
 D = Non-vault monster count
 E = Vault monster count
 F = Vault count percentage of total count
                 A         B        C        D         E       F
            +---------+---------+-------+---------+---------+-------
      Total |      73 |      19 |  20.7 |      38 |      10 |  20.8
            +---------+---------+-------+---------+---------+-------
        D:1 |      50 |       9 |  15.3 |      24 |       4 |  14.3
        D:2 |      23 |      10 |  30.3 |      14 |       6 |  30.0
            +---------+---------+-------+---------+---------+-------
